[Event "*** SCC Grand Prix: Titled Tuesday Blitz"]
[Site "Chess.com"]
[Date "2020.09.29"]
[Round "5"]
[White "horripile"]
[Black "ram1zan"]
[Result "1-0"]
[WhiteElo "2661"]
[BlackElo "2903"]
[TimeControl "180+1"]
[EndTime "10:55:05 PDT"]
[Termination "horripile won by resignation"]

1. e4 Nf6 2. e5 Nd5 3. d4 d6 4.
Nf3 dxe5 5. Nxe5 c6 6. c3 Bf5 7. Be2 Nd7 8. Nf3 e6 9. O-O Bd6 10. Re1 O-O 11. a4 e5 12. Bd3 Bg4 13. h3 Bxf3 14. Qxf3 exd4 15. cxd4 Qb6 16. Nc3 Qxd4 17. Nxd5 Qxd5 18. Be4 Qa5 19. Rd1 Qe5 20. Bxh7+ Kxh7 21. Qd3+ Kg8 22. Qxd6 Qxd6 23. Rxd6 Ne5 24. Bf4 Ng6 25. Be3 Rfe8 26. Rd7 Re7 27. Rad1 b6 28. Rxe7 Nxe7 29. Rd7 Nd5 30. Bd4 a5 31. Rb7 c5 32. Rd7 Nf4 33. Be3 Ne6 34. Rb7 Ra6 35. Kf1 g5 36. Ke2 Kg7 37.
Kd3 Kg6 38. Kc4 f5 39. Kb5 Ra8 40. Rxb6 Kf7 41. Bxc5 Rc8 42. Rb7+ Kf6 43. Ba7 Rc2 44.
Kxa5 f4 45. b4 Kf5 46. b5 Ra2 47. Rd7 1-0

[Event "*** SCC Grand Prix: Titled Tuesday Blitz"]
[Site "Chess.com"]
[Date "2020.09.29"]
[Round "5"]
[White "Artem_Sadovsky"]
[Black "RobertoJBM"]
[Result "0-1"]
[WhiteElo "2516"]
[BlackElo "2722"]
[TimeControl "180+1"]
[EndTime "10:55:05 PDT"]
[Termination "RobertoJBM won on time"]

1. Nf3 d5 2. c4 c6 3. b3 Bg4 4.
e3 e6 5. Bb2 Nf6 6. Be2 Nbd7 7.
O-O Bd6 8. d3 O-O 9. Nbd2 Qe7 10. Qc2 Rfe8 11. Rad1 Rad8 12. h3 Bh5 13. Rfe1 e5 14.
cxd5 cxd5 15. e4 d4 16. Qb1 b5 17. Rc1 Nc5 18. Nxd4 exd4 19. Bxh5 Nxh5 20. e5 Bb8 21. Ba3 Nf4 22. Ne4 Qxe5 23. Rxc5 Nxh3+ 24. gxh3 Qh2+ 25. Kf1 Qxh3+ 26. Ke2 f5 27. Rh1 Qg4+ 28. Kf1 fxe4 29. dxe4 d3 30. Rch5 d2 0-1

[Event "*** SCC Grand Prix: Titled Tuesday Blitz"]
[Site "Chess.com"]
[Date "2020.09.29"]
[Round "5"]
[White "Eliwood44"]
[Black "anon569"]
[Result "0-1"]
[WhiteElo "2412"]
[BlackElo "2258"]
[TimeControl "180+1"]
[EndTime "10:55:05 PDT"]
[Termination "anon569 won by checkmate"]

1. d4 Nf6 2. Nf3 e6 3. g3 b5 4.
Bg2 Bb7 5. O-O Be7 6. a4 a6 7. Qd3 b4 8. c4 d6 9. Nbd2 Nbd7 10. e4 e5 11. Nh4 O-O 12. Nf5 exd4 13. Nb3 Nc5 14.
Nxc5 dxc5 15. e5 Bxg2 16. exf6 Bxf1 17. Nxe7+ Qxe7 18. fxe7 Bxd3 19. exf8=Q+ Kxf8 20. Bf4 Rc8 21. b3 Bc2 22. a5 Bxb3 23. Rc1 Ke7 24. Kf1 Kd7 25.
Ke2 Re8+ 26. Kd3 Ba4 27. h4 Bc6 28. h5 Be4+ 29. Kd2 Bf3 30. Re1 b3 31. Rxe8 Kxe8 32. Bxc7 Kd7 33. Be5 g6 34. hxg6 hxg6 35. Bg7 Be2 36. Bf8 Kc6 37. Be7 Bxc4 38. f4 Kb5 39.
Bd8 Bd5 40. g4 Be4 41. Kc1 c4 42. Bf6 Kc5 43. g5 c3 44. f5 b2+ 45. Kd1 b1=Q+ 46. Ke2 Qc2+ 47. Ke1 Bf3 48. Bxd4+ Kxd4 49. f6 Qe2# 0-1

[Event "*** SCC Grand Prix: Titled Tuesday Blitz"]
[Site "Chess.com"]
[Date "2020.09.29"]
[Round "5"]
[White "pastouche06"]
[Black "Chessmatus"]
[Result "1-0"]
[WhiteElo "2494"]
[BlackElo "2330"]
[TimeControl "180+1"]
[EndTime "10:55:06 PDT"]
[Termination "pastouche06 won by resignation"]

1. d4 Nf6 2. c4 g6 3. f3 d5 4. cxd5 Nxd5 5. e4 Nb6 6. Nc3 Bg7 7. Be3 O-O 8. Qd2 Nc6 9. O-O-O Qd6 10. Kb1 Rd8 11. Nb5 Qd7 12. d5 a6 13. Nc3 Na5 14. Bh6 Bh8 15. h4 Nbc4 16. Qc1 c6 17. dxc6 Qe8 18. Rxd8 Qxd8 19. c7 Qxc7 20. Nd5 Qe5 21. Qc3 f5 22. Bxc4 Nxc4 23. Nxe7+ Qxe7 24. Qxc4+ Be6 25. Qe2 Rd8 26. Nh3 Qb4 27. Rc1 Qa4 28. b3 Bxb3 29. exf5 Bxa2+ 30. Qxa2+ Qxa2+ 31. Kxa2 gxf5 32. Rc7 1-0

[Event "*** SCC Grand Prix: Titled Tuesday Blitz"]
[Site "Chess.com"]
[Date "2020.09.29"]
[Round "5"]
[White "OsorioFernando"]
[Black "banane_verte"]
[Result "1-0"]
[WhiteElo "2309"]
[BlackElo "2463"]
[TimeControl "180+1"]
[EndTime "10:55:06 PDT"]
[Termination "OsorioFernando won by checkmate"]

1. e4 e6 2. d4 d5 3. Bd3 dxe4 4.
Bxe4 Nf6 5. Bg5 c5 6. Nf3 Be7 7. Bxf6 Bxf6 8. c3 O-O 9. O-O cxd4 10. Nxd4 Bxd4 11. cxd4 Nc6 12. d5 exd5 13. Qxd5 Qxd5 14. Bxd5 Nb4 15. Bb3 Bf5 16. Nc3 Rad8 17. Rad1 Nd3 18. Rd2 Nc5 19. Rxd8 Rxd8 20. Rd1 Rxd1+ 21. Bxd1 Kf8 22.
Kf1 Ke7 23. Ke2 a6 24. f3 Kd6 25. Ke3 Ke5 26. Be2 g5 27. g3 b5 28. b4 Nd7 29. a4 bxa4 30. Nxa4 Nf6 31. Nb6 Kd6 32. Kd4 Kc6 33. Ke5 Bg6 34. Kxf6 Kxb6 35. Kxg5 f5 36. Kf6 a5 37. bxa5+ Kxa5 38. Bd3 Kb6 39. Bxf5 Bh5 40. g4 Be8 41. Bxh7 Kc7 42. h4 Kd6 43. h5 Bb5 44. f4 Be2 45. Bf5 Bd1 46. h6 Bxg4 47. Bxg4 Kd5 48.
h7 Ke4 49. h8=Q Kxf4 50. Qg7 Kg3 51. Bc8+ Kh4 52. Qg5# 1-0

[Event "*** SCC Grand Prix: Titled Tuesday Blitz"]
[Site "Chess.com"]
[Date "2020.09.29"]
[Round "5"]
[White "lacafi"]
[Black "ajdemipopushi"]
[Result "0-1"]
[WhiteElo "2105"]
[BlackElo "2336"]
[TimeControl "180+1"]
[EndTime "10:55:06 PDT"]
[Termination "ajdemipopushi won on time"]

1. d4 Nf6 2. Nf3 c5 3. e3 b6 4. Bd3 g6 5. O-O Bg7 6. b3 Bb7 7. Bb2 O-O 8. c4 cxd4 9. exd4 d5 10. Nbd2 Nc6 11. Re1 e6 12. a3 Rc8 13. Bf1 dxc4 14. bxc4 Na5 15. Rc1 Qc7 16. h3 Rfd8 17. Qe2 Nh5 18. g3 Qb8 19. Rc2 Nf6 20. Ne5 Rc7 21.
Qe3 Nc6 22. Nxc6 Bxc6 23. Nf3 Ne8 24. Ne5 Ba8 25. Bg2 Bxg2 26. Kxg2 Nd6 27. Rec1 Nf5 28. Qf4 Qb7+ 29. Kg1 h5 30. a4 Qa6 31. g4 hxg4 32.
hxg4 Nh6 33. Qf3 Qxa4 34. Nc6 Qxc6 0-1

[Event "*** SCC Grand Prix: Titled Tuesday Blitz"]
[Site "Chess.com"]
[Date "2020.09.29"]
[Round "5"]
[White "katchesskat"]
[Black "Piotrek1979"]
[Result "0-1"]
[WhiteElo "2265"]
[BlackElo "2460"]
[TimeControl "180+1"]
[EndTime "10:55:08 PDT"]
[Termination "Piotrek1979 won on time"]

1. c4 c5 2. Nf3 Nc6 3. e3 Nf6 4. a3 g6 5. b3 Bg7 6. Bb2 O-O 7.
Qc2 b6 8. Be2 Bb7 9. d3 d5 10.
cxd5 Qxd5 11. Nbd2 Rac8 12. Rc1 Rfd8 13. h4 Ng4 14. Bxg7 Kxg7 15. Qc3+ f6 16. h5 Nge5 17. O-O Nxd3 18. Rcd1 Nde5 19. Nc4 Nxf3+ 20. Bxf3 Qe6 21. Rxd8 Rxd8 22. Qc2 Na5 23. Nxa5 Bxf3 24. gxf3 Rd5 25. Rd1 bxa5 26. Rxd5 Qxd5 27. hxg6 hxg6 28. Kg2 a4 29. bxa4 c4 30. Qc3 g5 31. e4 Qd3 32.
Qb4 Kf7 33. Qb7 c3 34. Qb3+ Kg7 35. e5 fxe5 36. Qe6 Qd6 37. Qc4 Qd4 38. Qe6 Qc5 39. Qf5 c2 40. Qxg5+ Kf7 41. Qh5+ Ke6 42. Qg4+ Kd6 43. Qg6+ Kc7 0-1

[Event "*** SCC Grand Prix: Titled Tuesday Blitz"]
[Site "Chess.com"]
[Date "2020.09.29"]
[Round "5"]
[White "gagtemp"]
[Black "Teidi96"]
[Result "0-1"]
[WhiteElo "1966"]
[BlackElo "2309"]
[TimeControl "180+1"]
[EndTime "10:55:08 PDT"]
[Termination "Teidi96 won by checkmate"]

1. e4 c5 2. Nf3 d6 3. d4 cxd4 4. Nxd4 Nf6 5. Nc3 a6 6. Be3 e5 7.
Nb3 Be6 8. f3 Nbd7 9. Qd2 h5 10.
Nd5 Bxd5 11. exd5 Be7 12. Na5 Qc7 13. Be2 Rc8 14. c4 Bd8 15. b4 Qb8 16. Nb3 Nb6 17.
Rc1 O-O 18. O-O Re8 19. Bd3 g6 20. Rfd1 Nbd7 21. a4 b5 22. axb5 axb5 23. c5 Nxd5 24.
Bf2 Nf4 25. c6 Nf6 26. Be4 Bb6 27. Na5 Bxf2+ 28. Qxf2 Nxe4 29. fxe4 Qc7 30. Qd2 Ne6 31. Qxd6 Nd4 32. Qxc7 Rxc7 33. Kf2 Rec8 34. Rc5 Nxc6 35.
Nxc6 Rxc6 36. Rxb5 Rc2+ 37. Kf3 R8c3+ 38. Rd3 Rxd3# 0-1

[Event "*** SCC Grand Prix: Titled Tuesday Blitz"]
[Site "Chess.com"]
[Date "2020.09.29"]
[Round "5"]
[White "Onischuk_V"]
[Black "abykhovsky"]
[Result "1-0"]
[WhiteElo "2894"]
[BlackElo "2732"]
[TimeControl "180+1"]
[EndTime "10:55:09 PDT"]
[Termination "Onischuk_V won by resignation"]

1. e4 c5 2. Ne2 e6 3. g3 Nf6 4.
Bg2 Nc6 5. O-O Be7 6. Re1 O-O 7.
Nbc3 d6 8. d4 cxd4 9. Nxd4 Bd7 10.
Nb3 a6 11. a4 b6 12. h3 Rc8 13. g4 Nb4 14. Be3 Bc6 15. Nd4 Ba8 16. Qd2 Nd7 17.
f4 Qc7 18. Rf1 Nc5 19. Rae1 Rfd8 20. f5 e5 21. Ndb5 Qd7 22. Na3 d5 23. exd5 Nxa4 24. Nxa4 Qxa4 25. c4 b5 26. f6 gxf6 27. g5 bxc4 28.
gxf6 Bf8 29. Bh6 Kh8 30. Rxe5 Nd3 31. Rh5 Bc5+ 32. Kh1 Bxd5 33. Bxd5 Rxd5 34. Rxd5 Qc6 35. Qg2 Rg8 36. Bg7+ 1-0

[Event "*** SCC Grand Prix: Titled Tuesday Blitz"]
[Site "Chess.com"]
[Date "2020.09.29"]
[Round "5"]
[White "chigorin28"]
[Black "Rodalquilar"]
[Result "0-1"]
[WhiteElo "2426"]
[BlackElo "2781"]
[TimeControl "180+1"]
[EndTime "10:55:09 PDT"]
[Termination "Rodalquilar won on time"]

1. d4 d5 2. Nf3 Nf6 3. Bf4 c5 4. c3 Qb6 5. Qc1 Nc6 6. e3 Bf5 7. Nbd2 e6 8. h3 h6 9. Be2 Rc8 10. O-O cxd4 11. exd4 Nb4 12. Ne5 Nc2 13. Ndf3 Nxa1 14.
Qxa1 Be7 15. Qc1 Ne4 16. g4 Bh7 17. Nd2 f6 18. Nef3 g5 19. Bh2 h5 20. Nxe4 Bxe4 21. Nd2 Bg6 22. f4 hxg4 23. fxg5 fxg5 24. Bxg4 Bh5 25. Be5 Bxg4 26. Bxh8 Bxh3 27. Re1 Kd7 28. Be5 Bg4 29. Qc2 Bf5 30. Qa4+ Rc6 31. Nb3 a6 32. c4 Qb4 33. Qxb4 Bxb4 34. cxd5 Bxe1 35. dxc6+ Kxc6 36. Nc5 Bb4 37. Nb3 Bd6 38. Bf6 g4 39. Kf2 Kd5 40.
Na5 g3+ 41. Kg1 Bf4 42. Nxb7 Be4 0-1

[Event "*** SCC Grand Prix: Titled Tuesday Blitz"]
[Site "Chess.com"]
[Date "2020.09.29"]
[Round "5"]
[White "Snegokhod"]
[Black "Vision_64"]
[Result "1-0"]
[WhiteElo "2407"]
[BlackElo "2211"]
[TimeControl "180+1"]
[EndTime "10:55:10 PDT"]
[Termination "Snegokhod won on time"]

1. e4 c5 2. Nf3 Nc6 3. d4 cxd4 4. Nxd4 Nf6 5. Nc3 e5 6. Ndb5 d6 7. Bg5 a6 8. Na3 b5 9. Nd5 Be7 10. Bxf6 gxf6 11. c4 b4 12. Nc2 a5 13. Bd3 O-O 14. Qh5 Be6 15. g4 Re8 16. Rg1 Kh8 17. Rg3 Rg8 18. f4 exf4 19. Nxf4 Rg5 20. Nxe6 fxe6 21. Qf7 Qd7 22. Rh3 Rg7 23. Qh5 Ne5 24. O-O-O Rc8 25.
Kb1 Bd8 26. Be2 Bb6 27. Qh4 Qf7 28. Rxd6 Ng6 29. Qe1 Nf4 30. Rf3 e5 31. Rxb6 Rd8 32. Rf1 Rxg4 33. Bxg4 Nd3 34. Qe2 Qc7 35. Rbxf6 Nf4 36.
R6xf4 exf4 37. e5 Qc5 38. e6 Qe7 39. Rxf4 Qg5 40. e7 1-0

[Event "*** SCC Grand Prix: Titled Tuesday Blitz"]
[Site "Chess.com"]
[Date "2020.09.29"]
[Round "5"]
[White "Oleksandr_Bortnyk"]
[Black "NikolaGry"]
[Result "1-0"]
[WhiteElo "2900"]
[BlackElo "2641"]
[TimeControl "180+1"]
[EndTime "10:55:11 PDT"]
[Termination "Oleksandr_Bortnyk won on time"]

1. e4 e5 2. Nf3 d6 3. Bc4 Nf6 4. d3 Be7 5. h3 Be6 6. Bxe6 fxe6 7.
c3 Nc6 8. Qb3 Qc8 9. Be3 O-O 10.
Nbd2 a5 11. a4 d5 12. g4 Qd7 13. Qb5 b6 14. O-O-O Ne8 15. exd5 exd5 16. Rhe1 Rd8 17. g5 d4 18. cxd4 exd4 19. Bxd4 Nxd4 20. Nxd4 Qxd4 21. Rxe7 Nd6 22. Qb3+ Kh8 23. g6 hxg6 24. Ne4 Nf5 25. Rxc7 Nd6 26. Nxd6 Rxd6 27. Kb1 Qxf2 28. Rdc1 Qf6 29.
h4 Kh7 30. Rh1 Qf3 31. Rd1 Rfd8 32. Rc3 Rd4 33. h5 1-0

[Event "*** SCC Grand Prix: Titled Tuesday Blitz"]
[Site "Chess.com"]
[Date "2020.09.29"]
[Round "5"]
[White "Skatchkov_V"]
[Black "penguingm1"]
[Result "0-1"]
[WhiteElo "2640"]
[BlackElo "2887"]
[TimeControl "180+1"]
[EndTime "10:55:11 PDT"]
[Termination "penguingm1 won by checkmate"]

1. d4 d5 2. c4 e6 3. Nf3 Nf6 4.
g3 dxc4 5. Bg2 Nc6 6. Qa4 Bd7 7. Qxc4 Na5 8. Qc2 Rc8 9. O-O c5 10. dxc5 Bxc5 11. Nc3 b5 12. a3 Nc4 13. Bg5 h6 14. Bf4 O-O 15. Rad1 Qb6 16. Ne5 Nxe5 17. Bxe5 Ng4 18. Rxd7 Bxf2+ 19. Kh1 Nxe5 20. Rb7 Qc5 21. Rxb5 Qxb5 22. Rxf2 Ng4 23. Rf3 Qe5 24. Qc1 Rfd8 25.
h3 Nf6 26. Kh2 h5 27. Re3 Qb8 28. Kh1 Rd4 29. Qf1 Rcd8 30. b4 Qc7 31. Qf3 Qc4 32. Na4 Rd1+ 33. Kh2 Qd4 34. Nc5 Nd5 35. Rd3 Qg1# 0-1

[Event "*** SCC Grand Prix: Titled Tuesday Blitz"]
[Site "Chess.com"]
[Date "2020.09.29"]
[Round "5"]
[White "MisiekZielony"]
[Black "Grandmaster2B"]
[Result "1-0"]
[WhiteElo "2245"]
[BlackElo "2386"]
[TimeControl "180+1"]
[EndTime "10:55:11 PDT"]
[Termination "MisiekZielony won on time"]

1. c4 e5 2. Nc3 Nc6 3. Nf3 Nf6 4.
e3 d5 5. cxd5 Nxd5 6. Bb5 f6 7.
d4 Nxc3 8. bxc3 e4 9. Nd2 f5 10. O-O Bd6 11. g3 O-O 12. f3 Qg5 13. Qe2 exf3 14. Qxf3 Bd7 15. Rb1 Rae8 16. Nc4 f4 17. exf4 Qg6 18. Ba3 Rxf4 19. Qg2 Rxf1+ 20. Rxf1 Bxa3 21.
Nxa3 Qd6 22. Nc4 Qe7 23. Qf2 a6 24. Bxc6 Bxc6 25. Ne5 Bd5 26. c4 Be6 27. Qc2 Qd6 28. Qc3 Rd8 29. Rd1 c6 30. Kg2 Qc7 31. Kg1 1-0

[Event "*** SCC Grand Prix: Titled Tuesday Blitz"]
[Site "Chess.com"]
[Date "2020.09.29"]
[Round "5"]
[White "Jumbo"]
[Black "ApacheSVD"]
[Result "1-0"]
[WhiteElo "2700"]
[BlackElo "2418"]
[TimeControl "180+1"]
[EndTime "10:55:13 PDT"]
[Termination "Jumbo won by checkmate"]

1. e4 c5 2. Nf3 d6 3. d4 cxd4 4. Nxd4 Nf6 5. Nc3 g6 6. f3 Bg7 7. Bg5 O-O 8. Qd2 Nc6 9. Nb3 Be6 10. O-O-O Na5 11. Kb1 Re8 12. h4 h5 13. Nd4 Bc4 14.
b3 Bxf1 15. Rhxf1 Rc8 16. Rfe1 Qb6 17. Na4 Qc7 18. Nb5 Nc4 19. Qb4 Qa5 20. Qxa5 Nxa5 21. Nxa7 Ra8 22. Nb5 Nc4 23. c3 Rec8 24. Re2 Rc6 25.
Rd4 Nd7 26. Bxe7 Bxd4 27. Nxd4 Rca6 28. Nb5 Nde5 29. Nc7 Rxa4 30. bxa4 Rxa4 31. Nd5 Ra5 32. Bf6 Rb5+ 33. Ka1 Nd3 34. Nb4 Nxb4 35. cxb4 Rxb4 36. Rc2 Na3 37. Rc8+ Kh7 38. Rh8# 1-0

[Event "*** SCC Grand Prix: Titled Tuesday Blitz"]
[Site "Chess.com"]
[Date "2020.09.29"]
[Round "5"]
[White "Th3_Hound"]
[Black "Tenamu"]
[Result "1-0"]
[WhiteElo "2526"]
[BlackElo "2368"]
[TimeControl "180+1"]
[EndTime "10:55:13 PDT"]
[Termination "Th3_Hound won by resignation"]

1. e4 e6 2. d4 d5 3. Nd2 Nf6 4. e5 Nfd7 5. Bd3 c5 6. c3 Nc6 7.
Ne2 Qb6 8. Nf3 cxd4 9. cxd4 Be7 10. O-O f6 11. exf6 Nxf6 12. Nc3 O-O 13. Re1 Bd7 14. Rb1 Rae8 15. a3 a5 16. h3 Kh8 17. Be3 Qc7 18.
Nb5 Qb8 19. Rc1 Ne4 20. Nd2 Nd6 21. Nxd6 Bxd6 22. Qh5 Rf5 23. Bxf5 exf5 24. Nf3 g6 25. Qh4 f4 26. Bd2 Kg7 27. Rxe8 Bxe8 28. Re1 Bd7 29. Qg5 Qf8 30. Qxd5 Bf5 31. Qb5 Qf7 32. Bc3 Kh6 33. d5 Nd8 34. Qxa5 Qf8 35. Qa4 Nf7 36. Ne5 Bxe5 37. Bxe5 g5 38. Bc3 f3 39. g4 Bc8 40. Qb4 Qd8 41. Qe7 Qxe7 42. Rxe7 Nd6 43. Be5 Nc4 44. Bg7+ Kg6 45. Rc7 Nd6 46. Be5 Nf7 47.
Bg3 Bxg4 48. hxg4 b5 49. Rxf7 Kxf7 50. d6 Ke6 51. Kf1 Kd7 52. Ke1 Kc6 53. Kd2 h5 54. gxh5 1-0

[Event "*** SCC Grand Prix: Titled Tuesday Blitz"]
[Site "Chess.com"]
[Date "2020.09.29"]
[Round "5"]
[White "Alexsur1981"]
[Black "Msb2"]
[Result "0-1"]
[WhiteElo "2758"]
[BlackElo "2924"]
[TimeControl "180+1"]
[EndTime "10:55:14 PDT"]
[Termination "Msb2 won on time"]

1. e4 e6 2. d4 d5 3. Nc3 Nf6 4. Bg5 dxe4 5. Nxe4 Be7 6. Bxf6 gxf6 7. Nf3 f5 8. Nc3 a6 9. Qe2 b5 10. O-O-O b4 11. Na4 Qd5 12. b3 Nd7 13. Ne5 Nxe5 14. dxe5 Qa5 15. Kb1 Bd7 16. Nb2 Bb5 17. Qf3 O-O 18.
Bc4 Rad8 19. g4 f4 20. Qxf4 Bc6 21. Rhe1 Qc5 22. Bd3 Kg7 23. g5 Rd4 24. Qe3 Rfd8 25. Qh3 Bxg5 26. Qxh7+ Kf8 27. Qh8+ Ke7 28. Qg7 Bh4 29. Rf1 Rf4 30. Bg6 Rxd1+ 31. Rxd1 Qxf2 32. Qh8 Bd5 33. Bd3 Rg4 0-1

[Event "*** SCC Grand Prix: Titled Tuesday Blitz"]
[Site "Chess.com"]
[Date "2020.09.29"]
[Round "5"]
[White "GiantThresher"]
[Black "davidkalashian"]
[Result "1-0"]
[WhiteElo "2775"]
[BlackElo "2577"]
[TimeControl "180+1"]
[EndTime "10:55:15 PDT"]
[Termination "GiantThresher won on time"]

1. e4 c5 2. Nc3 d6 3. Nf3 a6 4.
d4 cxd4 5. Nxd4 Nf6 6. h3 e5 7.
Nb3 h5 8. Bg5 Be6 9. f4 Be7 10. f5 Bd7 11. Bxf6 Bxf6 12. Qxd6 Bh4+ 13. Kd1 Be7 14. Qd3 O-O 15. Nd5 Nc6 16. c3 a5 17.
a4 Bg5 18. Kc2 Rc8 19. Kb1 Ne7 20. Be2 Nxd5 21. Qxd5 Bc6 22. Qc4 Qb6 23. Nc1 Rfd8 24. Rd1 Rxd1 25. Bxd1 Qg1 26. Bb3 Rc7 27. Ka2 Bxc1 28.
Qd3 Rd7 29. Qc2 Rd2 30. Qxc1 Qxc1 31. Rxc1 Bxe4 32. Re1 Bxg2 33. Rxe5 Bxh3 34. f6 gxf6 35. Rxh5 Kg7 36. Rxh3 1-0

[Event "*** SCC Grand Prix: Titled Tuesday Blitz"]
[Site "Chess.com"]
[Date "2020.09.29"]
[Round "5"]
[White "mr65"]
[Black "Sueetin"]
[Result "1/2-1/2"]
[WhiteElo "2160"]
[BlackElo "2284"]
[TimeControl "180+1"]
[EndTime "10:55:15 PDT"]
[Termination "Game drawn by agreement"]

1. e4 e6 2. d4 d5 3. Nc3 Nf6 4. e5 Nfd7 5. f4 c5 6. Nf3 Nc6 7.
Be3 Be7 8. Qd2 a6 9. dxc5 Nxc5 10. Nd4 O-O 11. Be2 Bd7 12. O-O Rc8 13. Kh1 Nxd4 14. Bxd4 f5 15. exf6 Bxf6 16. Bxf6 Qxf6 17. Rad1 Be8 18.
f5 exf5 19. Nxd5 Qh4 20. Bf3 Bb5 21. Rfe1 Ne4 22. Bxe4 fxe4 23. b3 Rcd8 24. c4 Bc6 25. Qd4 Kh8 26. Rxe4 Qh5 27. Re5 Qf7 28. h3 Rd6 29.
Rde1 Rfd8 30. Qe3 h6 31. Re7 Qg6 32. Re6 Rxe6 33. Qxe6 Qxe6 34. Rxe6 Bxd5 35. cxd5 Rxd5 36. Rb6 Rd2 37. Kg1 Rxa2 38. Rxb7 Kh7 39. b4 Ra4 40. b5 axb5 41. Rxb5 1/2-1/2

[Event "*** SCC Grand Prix: Titled Tuesday Blitz"]
[Site "Chess.com"]
[Date "2020.09.29"]
[Round "5"]
[White "WPWPWP-2015"]
[Black "fighter2jz"]
[Result "0-1"]
[WhiteElo "2412"]
[BlackElo "2642"]
[TimeControl "180+1"]
[EndTime "10:55:16 PDT"]
[Termination "fighter2jz won by checkmate"]

1. e4 c5 2. Nf3 d6 3. d4 cxd4 4. Nxd4 Nf6 5. Nc3 a6 6. Be3 e5 7. Nb3 Be6 8. f3 h5 9. Qd2 Nbd7 10. O-O-O Rc8 11. Kb1 Be7 12. Be2 O-O 13. g3 Nb6 14. Na5 d5 15. exd5 Nbxd5 16. Nxd5 Nxd5 17. Nb3 Bb4 18. Qc1 Qc7 19. Bd3 Rfd8 20. Bd2 a5 21. a3 a4 22.
Bxb4 axb3 23. Bd2 bxc2+ 24. Qxc2 Qd7 25. Qb3 Nf6 26. Qb5 Qxd3+ 27. Qxd3 Rxd3 28. Bc3 Rxf3 29. Bxe5 Ne4 30. Bd4 Rd8 31. Bb6 Rc8 32. Rde1 Rb3 33. Rxe4 Bf5 34. Ka2 Bxe4 35. Re1 Bd5 36. Re4 Rxb6+ 37.
Kb1 Bxe4+ 38. Ka1 Rc1+ 39. Ka2 Bb1+ 40. Ka1 Bc2+ 41. Ka2 Bb3# 0-1

[Event "*** SCC Grand Prix: Titled Tuesday Blitz"]
[Site "Chess.com"]
[Date "2020.09.29"]
[Round "5"]
[White "LionTheLeon_06"]
[Black "Zemerovv"]
[Result "1-0"]
[WhiteElo "2604"]
[BlackElo "2301"]
[TimeControl "180+1"]
[EndTime "10:55:17 PDT"]
[Termination "LionTheLeon_06 won on time"]

1. b3 g6 2. Bb2 Nf6 3. Bxf6 exf6 4. d4 Bh6 5. e3 O-O 6. g3 c5 7. dxc5 Qa5+ 8. Nd2 Nc6 9. Bg2 Qxc5 10. Ne2 Re8 11. O-O Ne5 12. Ne4 Qb6 13. N2c3 Bg7 14. Nd5 Qd8 15. Nd6 Re6 16. Nf4 Re7 17. Qd2 f5 18. Rad1 Rb8 19. c4 a6 20. c5 b6 21.
Nd5 bxc5 22. Nxe7+ Qxe7 23. Qa5 Nc6 24. Bxc6 dxc6 25. Nxc8 Rxc8 26. Rd2 f4 27. exf4 Bd4 28. Qxa6 Re8 29. Qxc6 h5 30. h4 Rd8 31. Qf3 Qe6 32.
Kg2 Kg7 33. Rfd1 Rc8 34. b4 Bf6 35. bxc5 Rxc5 36. Re2 Qc4 37. a3 Ra5 38. Rd3 Qa4 39. Qe4 Qb5 40. Red2 Qb6 41. Rd7 Rxa3 42. Qd5 Kh6 43.
Qxf7 Qc6+ 44. Kh2 1-0

[Event "*** SCC Grand Prix: Titled Tuesday Blitz"]
[Site "Chess.com"]
[Date "2020.09.29"]
[Round "5"]
[White "Sanan_Sjugirov"]
[Black "Smirnov_Pavel"]
[Result "0-1"]
[WhiteElo "2840"]
[BlackElo "2710"]
[TimeControl "180+1"]
[EndTime "10:55:19 PDT"]
[Termination "Smirnov_Pavel won on time"]

1. e4 c5 2. Nf3 Nc6 3. d4 cxd4 4. Nxd4 Nf6 5. Nc3 e5 6. Ndb5 d6 7. Bg5 a6 8. Na3 b5 9. Bxf6 gxf6 10. Nd5 Bg7 11. c3 f5 12. exf5 Bxf5 13. Nc2 Be6 14. Nce3 Ne7 15. g3 Nxd5 16. Nxd5 O-O 17. Bg2 a5 18. O-O Rb8 19. a3 f5 20. f4 e4 21.
Kh1 Kh8 22. Qd2 Qc8 23. Rfd1 Qc5 24. Rac1 Rfd8 25. Ne3 Bb3 26. Re1 Rf8 27. Bh3 Rb6 28.
Re2 Be6 29. Ree1 d5 30. Nc2 Bd7 31. Nd4 Rh6 32. Bf1 Rb8 33. b4 Qa7 34. Red1 Bf6 35.
Kg1 Rg6 36. Bg2 h5 37. Kf1 h4 38.
Qe2 hxg3 39. hxg3 Rxg3 40. Qf2 Rbg8 41. Bh1 Rh3 42. Ke2 Bh4 0-1

[Event "*** SCC Grand Prix: Titled Tuesday Blitz"]
[Site "Chess.com"]
[Date "2020.09.29"]
[Round "5"]
[White "AliKa2810"]
[Black "jens1102"]
[Result "1-0"]
[WhiteElo "2558"]
[BlackElo "2376"]
[TimeControl "180+1"]
[EndTime "10:55:19 PDT"]
[Termination "AliKa2810 won by checkmate"]

1. d4 Nf6 2. c4 e6 3. Nf3 Bb4+ 4. Nbd2 O-O 5. a3 Bxd2+ 6. Qxd2 d5 7. e3 b6 8. b4 dxc4 9. Bxc4 Bb7 10. O-O Nbd7 11.
Bb2 Ne4 12. Qe2 Ndf6 13. Rac1 a5 14. b5 Nd6 15. Bd3 Nd7 16. e4 Rc8 17. a4 Qe7 18.
Ba3 e5 19. Qe3 f6 20. Bc4+ Kh8 21. Nh4 g6 22. Qh3 Kg7 23. Be6 Rfd8 24. d5 Nf8 25.
Bxc8 Bxc8 26. Qc3 Rd7 27. Nf3 Bb7 28. Nd2 g5 29. g3 Ng6 30. Nc4 h5 31. Bxd6 cxd6 32.
Nxb6 Rd8 33. Qc7 Re8 34. Rc3 h4 35. Rfc1 hxg3 36. hxg3 g4 37. Qxe7+ Nxe7 38. Rc7 Kg6 39. Rxb7 Ng8 40. Rcc7 Nh6 41. Rg7+ Kh5 42. Nd7 Rc8 43. Nxf6# 1-0

[Event "*** SCC Grand Prix: Titled Tuesday Blitz"]
[Site "Chess.com"]
[Date "2020.09.29"]
[Round "5"]
[White "MPGM"]
[Black "Ze-Pequeno"]
[Result "1-0"]
[WhiteElo "2428"]
[BlackElo "2249"]
[TimeControl "180+1"]
[EndTime "10:55:19 PDT"]
[Termination "MPGM won on time"]

1. c4 Nf6 2. Nc3 c5 3. e3 e6 4. Nf3 d5 5. d4 a6 6. a3 dxc4 7.
Bxc4 b5 8. Bd3 Bb7 9. O-O Nbd7 10. Re1 Qb8 11. Bc2 Bd6 12. e4 cxd4 13. Nxd4 Bxh2+ 14. Kh1 Be5 15. Nf3 Bf4 16. Bxf4 Qxf4 17. e5 Ng4 18. Kg1 Rd8 19. Ne4 Ndxe5 20. Qe2 Bxe4 21. Bxe4 Nxf3+ 22. Qxf3 Qh2+ 23. Kf1 Ne5 24. Bc6+ Ke7 25.
Qe4 Qh1+ 26. Ke2 Qh5+ 27. f3 Qg5 28. f4 Qg4+ 29. Kf1 Nc4 30. Kg1 Rd2 31. b3 Nd6 32. Qe3 Rc2 33. Rac1 Rxc1 34. Rxc1 Rd8 35. Qc5 Qxf4 36.
Rf1 Qh6 37. Qa7+ Nb7 38. Qxb7+ 1-0

[Event "*** SCC Grand Prix: Titled Tuesday Blitz"]
[Site "Chess.com"]
[Date "2020.09.29"]
[Round "5"]
[White "GMKrikor"]
[Black "MomchilPetkov"]
[Result "1-0"]
[WhiteElo "2804"]
[BlackElo "2592"]
[TimeControl "180+1"]
[EndTime "10:55:20 PDT"]
[Termination "GMKrikor won on time"]

1. e4 e6 2. d4 d5 3. Nc3 Bb4 4. e5 c5 5. a3 Bxc3+ 6. bxc3 Ne7 7. Qg4 Qc7 8. Bd3 c4 9. Be2 Qa5 10. Bd2 Nf5 11. Nf3 Nc6 12. Qf4 h6 13. h4 Qa4 14.
g4 Nfe7 15. Ra2 Bd7 16. h5 O-O-O 17. O-O Rdf8 18. Kh2 f6 19. Qg3 f5 20. Nh4 Be8 21.
gxf5 Nxf5 22. Nxf5 Rxf5 23. Bg4 Rhf8 24. Bxf5 Rxf5 25.
Qxg7 Bxh5 26. f4 Nd8 27. Rg1 Bf3 28. Qe7 Rh5+ 29. Kg3 Be4 30. Kf2 Rh2+ 31. Ke1 Qb5 32. Ra1 Qb2 33. Rc1 Bg2 34. Qb4 Qxb4 35. axb4 Bf3 36.
Rg3 Re2+ 37. Kf1 Bh5 38. Be3 Rh2 39. Kg1 Rh4 40. Kg2 1-0

[Event "*** SCC Grand Prix: Titled Tuesday Blitz"]
[Site "Chess.com"]
[Date "2020.09.29"]
[Round "5"]
[White "MarceloPlaya"]
[Black "StellarChessPro"]
[Result "0-1"]
[WhiteElo "2286"]
[BlackElo "2483"]
[TimeControl "180+1"]
[EndTime "10:55:20 PDT"]
[Termination "StellarChessPro won on time"]

1. e4 g6 2. d4 Bg7 3. Nc3 d6 4. Be3 c6 5. Qd2 b5 6. O-O-O Qa5 7. Kb1 Be6 8. d5 b4 9. Nb5 cxb5 10. dxe6 fxe6 11.
Nf3 Nc6 12. Ng5 Nd8 13. Bd4 e5 14. Bc5 Nf6 15. Bxb4 Qb6 16. Qd3 a6 17. Qb3 Qc6 18. f3 h6 19. Ne6 Nxe6 20. Qxe6 Qd7 21. Qb3 Rb8 22. Qa3 Qc8 23. Qb3 Nd7 24. Qe6 Nf8 25. Qd5 Qb7 26. Qd2 Ne6 27. h4 h5 28. g4 hxg4 29.
fxg4 Nf4 30. Bd3 Qc7 31. h5 g5 32. h6 Bf6 33. h7 Kd7 34. Ba5 Qc6 35. a4 bxa4 36. Rh6 a3 37. b3 Qc5 38. Ka2 Rhc8 39.
Bc4 Bh8 0-1